 Dungeon Crawl Stone Soup version 0.21.1-1-g345015f (webtiles) character file.

133 shakethe the Shield-Bearer (level 5, -2/42 HPs)
             Began as a Formicid Fighter on Feb 7, 2018.
             Killed by divine providence
             ... invoked by an orc priest
              (13 damage)
             ... on level 3 of the Dungeon.
             The game lasted 00:03:30 (2355 turns).

shakethe the Shield-Bearer (Formicid Fighter)       Turns: 2355, Time: 00:03:31

Health: -2/42      AC:  6    Str: 21    XL:     5   Next: 40%
Magic:  5/5        EV:  8    Int:  7    God:
Gold:   139        SH: 10    Dex: 11    Spells: 4/4 levels left

rFire    . . .     SeeInvis +   a - +0 war axe
rCold    . . .     Gourm    .   c - +0 shield
rNeg     . . .     Faith    .   b - +0 scale mail
rPois    .         Spirit   .   (helmet unavailable)
rElec    .         Reflect  .   (no cloak)
rCorr    .         Harm     .   (no gloves)
MR       .....                  (no boots)
Stlth    ..........             (no amulet)
HPRegen  0.14/turn              (no ring)
MPRegen  0.09/turn              (no ring)

@: no status effects
A: permanent stasis, dig shafts and tunnels, four strong arms, antennae 3
a: Dig, Shaft Self


You were on level 3 of the Dungeon.
You were hungry.

You visited 1 branch of the dungeon, and saw 3 of its levels.

You collected 139 gold pieces.

Inventory:

Hand Weapons
 a - a +0 war axe (weapon)
Armour
 b - a +0 scale mail (worn)
 c - a +0 shield (worn)
Wands
 j - a wand of flame (27)
Scrolls
 g - 5 scrolls of teleportation {unknown}
 l - 2 scrolls of identify {unknown}
 n - a scroll of immolation {unknown}
Potions
 d - a potion of might
 e - a potion of lignification {unknown}
 h - a potion of mutation {unknown}
 i - a potion of flight {unknown}
 k - a potion of ambrosia {unknown}
 m - 2 potions of curing {unknown}
Comestibles
 f - 4 rations


   Skills:
 - Level 3.6 Fighting
 * Level 3.9 Axes
 - Level 3.5 Armour
 + Level 4.8 Shields


You had 4 spell levels left.
You didn't know any spells.

Dungeon Overview and Level Annotations

Branches:
Dungeon (3/15)

Altars:
Cheibriados

Annotations:
D:2 Sigmund


Innate Abilities, Weirdness & Mutations

You cannot be hasted, slowed, berserked, paralysed or teleported.
You can dig through walls and to a lower floor.
Your four strong arms can wield two-handed weapons with a shield.
You have a pair of large antennae on your head. (SInv)


Message History

The orc priest hits you with a falchion.
You barely miss the orc priest. You closely miss the orc priest.
The orc priest begins to cast a cantrip, but forgets the words!
You block the orc priest's attack. You block the orc's attack.
You hit the orc priest.
The orc priest is moderately wounded.
You hit the orc. You closely miss the orc priest.
The orc priest barely misses you.
The orc priest mumbles some strange prayers to Beogh against you.
Beogh smites you!
* * * LOW HITPOINT WARNING * * *
You block the orc's attack.
You barely miss the orc priest.
Your shield and scale mail prevent you from hitting the orc.
You hit the orc priest but do no damage.
The orc priest completely misses you. You block the orc priest's attack.
The orc misses you. The orc priest barely misses you.
The orc priest calls down the wrath of Beogh upon you.
Beogh smites you!
You die...

.# #### .## ...## ..##
####### #... ..[
###....... ...# ..
......... ###.. ?#
#.......
..#...o#o####.....#
#.#..#.@o........(#
#....#...####.†...####
.........# #.........
#....#..## ##.#.####.
##.#.....# #.#.# #
###...#####.#.#
#.(..........#
##...######.## ##..#
#.#


You could see 2 orc priests and an orc.

Vanquished Creatures
  An orc priest (D:3)
  An orc wizard (D:3)
  2 adders
  A worm (D:2)
  A dart slug (D:1)
  2 leopard geckos
  6 orcs (D:3)
  4 bats
  4 giant cockroaches
  4 goblins
  5 hobgoblins
  A jackal (D:2)
  A quokka (D:2)
  A ball python (D:2)
  2 frilled lizards
  4 kobolds
  6 rats
46 creatures vanquished.

Vanquished Creatures (others)
  4 toadstools (D:1)
4 creatures vanquished.

Grand Total: 50 creatures vanquished

Notes
Turn   | Place    | Note
-------+----------+-------------------------------------------
     0 | D:1      | shakethe the Formicid Fighter began the quest for the Orb.
     0 | D:1      | Reached XP level 1. HP: 18/18 MP: 1/1
    81 | D:1      | Reached XP level 2. HP: 12/24 MP: 2/2
   463 | D:1      | Reached skill level 4 in Shields
   463 | D:1      | Reached XP level 3. HP: 30/30 MP: 3/3
   827 | D:2      | Found a snail-covered altar of Cheibriados.
  1122 | D:2      | Noticed Sigmund
  1123 | D:2      | Noticed an orc warrior
  1257 | D:2      | Reached XP level 4. HP: 36/37 MP: 4/4
  1844 | D:3      | Reached XP level 5. HP: 15/42 MP: 5/5
  2355 | D:3      | Killed from afar by an orc priest

Skill      XL: |  1  2  3  4 |
---------------+-------------+-----
Shields        | 4 |  4.8
Axes           | 3 |  3.9
Fighting       | |  3.6
Armour         | |  3.5

Action                   |  1- 3 |  4- 6 || total
-------------------------+-------+-------++-------
Melee: War axe           |   114 |    80 ||   194
  Eat: Chunk             |     1 |       ||     1
       Ration            |       |     1 ||     1
Armor: Scale mail        |    52 |    20 ||    72
Dodge: Dodged            |    49 |    28 ||    77
Block: Shield            |    79 |    39 ||   118
